 Dungeon Crawl Stone Soup version 0.25-a0-251-g572059c536 (webtiles) character file.

Game seed: 7245942993986999966, levelgen mode: classic

5422 Borgoz the Slicer (level 10, -1/63 HPs)
             Began as a Kobold Fighter on Dec 4, 2019.
             Was a High Priest of Okawaru.
             Slain by a gargoyle
             ... wielding a +0 mace
              (14 damage)
             ... on level 10 of the Dungeon.
             The game lasted 00:16:01 (10591 turns).

Borgoz the Slicer (Kobold Fighter)                 Turns: 10591, Time: 00:16:01

Health: -1/63      AC:  7    Str: 22    XL:     10   Next: 99%
Magic:  10/10      EV: 14    Int:  9    God:    Okawaru [*****.]
Gold:   339        SH: 12    Dex: 19    Spells: 9/9 levels left

rFire    . . .     SeeInvis .   a - +5 rapier
rCold    . . .     Gourm    .   c - +0 shield
rNeg     . . .     Faith    +   g - +0 scale mail
rPois    .         Spirit   .   v - +1 helmet
rElec    .         Reflect  .   (no cloak)
rCorr    .         Harm     .   (no gloves)
MR       .....                  (no boots)
Stlth    ..........             G - amulet of faith
HPRegen  0.20/turn              H - -3 ring of protection (curse)
MPRegen  0.12/turn              y - +4 ring of dexterity

@: mighty
A: small, carnivore
a: Heroism, Finesse, Renounce Religion


You were on level 10 of the Dungeon.
You worshipped Okawaru.
Okawaru was extremely pleased with you.
You were completely stuffed.

You visited 2 branches of the dungeon, and saw 11 of its levels.
You also visited: Sewer.

You collected 339 gold pieces.

Inventory:

Hand Weapons
 a - a +5 rapier (weapon)
 b - a +4 dagger
Armour
 c - a +0 shield (worn)
 g - a +0 scale mail (worn)
 p - a +0 plate armour of cold resistance
 v - a +1 helmet (worn)
Jewellery
 d - an uncursed amulet of the acrobat
 w - an uncursed ring of flight
 y - a +4 ring of dexterity (right hand)
 F - an uncursed ring of stealth
 G - an amulet of faith (around neck)
 H - a cursed -3 ring of protection (left hand)
 J - a +2 ring of dexterity
Wands
 x - a wand of digging (6)
 D - a wand of scattershot (7)
 E - a wand of polymorph (6)
Scrolls
 h - a scroll of enchant weapon
 j - 3 scrolls of remove curse
 l - 4 scrolls of enchant armour
 m - 2 scrolls of amnesia
 q - a scroll of noise {unknown}
 r - a scroll of teleportation {unknown}
 s - 3 scrolls of immolation {unknown}
 u - 2 scrolls of magic mapping {unknown}
 z - a scroll of fear {unknown}
Potions
 e - a potion of cancellation {unknown}
 k - 2 potions of mutation
 n - 3 potions of curing
 o - a potion of berserk rage {unknown}
 t - 3 potions of flight
 B - 2 potions of brilliance
Comestibles
 f - 17 rations
 A - a chunk of flesh


   Skills:
 + Level 7.4 Fighting
 + Level 8.3 Short Blades
 * Level 7.7 Armour
 + Level 4.9 Dodging
 * Level 7.7 Shields
 + Level 0.6 Invocations


You had 9 spell levels left.
You didn't know any spells.
Your spell library was empty.

Dungeon Overview and Level Annotations

Branches:
Dungeon (10/15)            Temple (1/1) D:6            Lair (0/6) D:9
  Sewer (visited)
    Orc: D:9-12

Altars:
Ashenzari
Cheibriados
Dithmenos
Elyvilon
Fedhas
Gozag
Hepliaklqana
Kikubaaqudgha
Makhleb
Nemelex Xobeh
Okawaru
Qazlal
Ru
Sif Muna
Trog
Uskayaw
Vehumet
Wu Jian
Xom
Yredelemnul
Zin
The Shining One

Annotations:
D:6 2 runed translucent doors, Crazy Yiuf; grouchysmurf's ghost, novice MiAK


Innate Abilities, Weirdness & Mutations

You are small and have problems with some larger weapons.
You are carnivorous and can eat meat at any time.


Message History

The gargoyle hurls a stone arrow at you.
The stone arrow misses you.
You feel better. The gargoyle hits you with a +0 mace!
You barely miss the gargoyle. You block the gargoyle's attack.
You hit the gargoyle but do no damage. You puncture the gargoyle!
The gargoyle is moderately damaged.
The gargoyle barely misses you.
You hit the gargoyle but do no damage.
The gargoyle is moderately damaged.
The gargoyle hits you with a +0 mace!
* * * LOW HITPOINT WARNING * * *
You hit the gargoyle.
The gargoyle is heavily damaged.
You barely miss the gargoyle.
The gargoyle is heavily damaged.
The gargoyle hits you but does no damage.
You feel better. The gargoyle hits you with a +0 mace!
You die...

#.# #####.# #.....#
#.....### #.......
#..>... . #....9# ..
#....@# ####..
#.....# ....
#.....#####.#
#...........##
###.....##...#
#.....##...#
#.....##...#########
#.######............
#( +....########


You could see a gargoyle.

Vanquished Creatures
  A hippogriff (D:9)
  Grinder (D:4)
  2 humans (D:8)
  A hungry ghost (D:8)
  5 yaks (D:9)
  Edmund (D:6)
  2 wargs (D:9)
  A water moccasin (D:9)
  An ice beast (D:4)
  2 orc warriors
  2 sky beasts
  2 black bears (D:8)
  3 ogres
  4 centaurs
  5 bullfrogs
  11 killer bees
  A centaur zombie (D:9)
  5 crimson imps
  2 bullfrog zombies
  4 orc priests
  3 hounds
  2 jellies
  2 bullfrog skeletons
  14 orc wizards
  A centaur skeleton (D:5)
  3 worker ants
  Robin (D:4)
  6 gnolls
  11 adders
  A shadow imp (D:8)
  4 oozes
  2 adder zombies
  3 adder skeletons
  3 worms
  A dart slug (D:3)
  5 leopard geckos
  35 orcs
  3 ball pythons
  7 giant cockroaches
  14 goblins
  6 hobgoblins
  6 jackals (D:2)
  4 quokkas
  6 bats
  5 frilled lizards
  21 kobolds
  A quokka skeleton (D:9)
  9 rats
235 creatures vanquished.

Notes
Turn   | Place    | Note
-------+----------+-------------------------------------------
     0 | D:1      | Borgoz the Kobold Fighter began the quest for the Orb.
     0 | D:1      | Reached XP level 1. HP: 14/14 MP: 1/1
   802 | D:2      | Reached XP level 2. HP: 13/19 MP: 2/2
   950 | D:2      | Reached skill level 3 in Short Blades
  1105 | D:2      | Reached XP level 3. HP: 22/23 MP: 3/3
  1728 | D:3      | Reached XP level 4. HP: 27/29 MP: 4/4
  1928 | D:3      | Reached XP level 5. HP: 21/33 MP: 5/5
  3000 | D:4      | Noticed an ice beast
  3008 | D:4      | Killed an ice beast
  3008 | D:4      | Reached skill level 4 in Short Blades
  3008 | D:4      | Reached XP level 6. HP: 9/38 MP: 6/6
  3569 | D:4      | Noticed Grinder
  3569 | D:4      | Paralysed by Grinder for 4 turns
  3586 | D:4      | Paralysed by Grinder for 2 turns
  3623 | D:4      | Paralysed by Grinder for 6 turns
  3642 | D:4      | Killed Grinder
  3642 | D:4      | Reached XP level 7. HP: 32/44 MP: 7/7
  3784 | D:4      | Noticed Robin
  3820 | D:4      | Killed Robin
  3882 | D:4      | Found a hide-covered altar of Uskayaw.
  3882 | D:4      | Found a basalt altar of Yredelemnul.
  4108 | D:5      | Entered Level 5 of the Dungeon
  4304 | D:5      | Reached skill level 5 in Short Blades
  4392 | D:5      | Reached XP level 8. HP: 47/48 MP: 8/8
  4449 | D:5      | Found a glowing drain.
  4453 | Sewer    | Entered a sewer
  4844 | D:5      | Reached skill level 5 in Fighting
  4923 | D:5      | Reached skill level 5 in Shields
  4925 | D:5      | Reached skill level 5 in Armour
  5312 | D:6      | Found a staircase to the Ecumenical Temple.
  5396 | Temple   | Entered the Ecumenical Temple
  5491 | Temple   | Became a worshipper of Warmaster Okawaru
  5560 | D:6      | Found a runed translucent door.
  5561 | D:6      | Noticed Crazy Yiuf
  5722 | D:6      | Noticed Edmund
  5758 | D:6      | Killed Edmund
  5769 | D:6      | Found a runed translucent door.
  5769 | D:6      | Found a shimmering altar of Xom.
  5769 | D:6      | Noticed grouchysmurf's ghost (novice MiAK)
  5769 | D:6      | Noticed a +2 hand axe of chaos
  5867 | D:6      | Found a stormy altar of Qazlal.
  5932 | D:6      | Found an opulent altar of Gozag.
  5975 | D:6      | Reached skill level 6 in Short Blades
  5975 | D:6      | Reached XP level 9. HP: 9/54 MP: 9/9
  6246 | D:6      | Found a shimmering blue altar of Sif Muna.
  6293 | D:6      | Found a sparkling altar of Nemelex Xobeh.
  6529 | D:7      | Reached * piety under Okawaru
  6597 | D:7      | Found a shimmering altar of Xom.
  6715 | D:7      | Reached skill level 1 in Dodging
  7274 | D:8      | Found an iron altar of Okawaru.
  7302 | D:8      | Reached ** piety under Okawaru
  7590 | D:8      | Reached skill level 7 in Short Blades
  7759 | D:8      | Reached XP level 10. HP: 30/61 MP: 10/10
  8345 | D:9      | Reached *** piety under Okawaru
  8745 | D:9      | Found a staircase to the Lair.
  9330 | D:9      | Reached **** piety under Okawaru
  9449 | D:9      | Reached skill level 8 in Short Blades
 10050 | D:9      | Found a sacrificial altar of Ru.
 10230 | D:9      | Reached ***** piety under Okawaru
 10430 | D:10     | Entered Level 10 of the Dungeon
 10578 | D:10     | Noticed a gargoyle
 10591 | D:10     | Slain by a gargoyle

Levels and vault maps discovered:
D:1:      scummos_arrival_hexagon, layout_basic, serial_glass, glass_columns_a,
          glass_columns_b, minmay_misc_feat_four_crosses
D:2:      layout_basic, first_ration, eino_tiny_chamber
D:3:      layout_loops_corners, kennysheep_generic_room_16
D:4:      layout_loops_cross, gammafunk_temple_overflow_elements, uniq_grinder,
          uniq_robin
D:5:      layout_basic, gup_sewer_entry_spiral, kennysheep_dice
D:6:      layout_loops_ring, led_sif_pool, kennysheep_mini,
          lemuel_coloured_pillars_altar, minmay_temple_entry_nine_rooms,
          basic_altar, ebering_ghost_xom, uniq_crazy_yiuf_cottage, uniq_edmund
D:7:      layout_loops_cross, brannock_xom_greatest_gift
D:8:      layout_basic, grunt_ogre_cave, okawaru_humans
D:9:      layout_stronghold, erik_lair_orcish_takeover,
          nicolae_ru_sacrificial_ziggurat
D:10:     layout_basic
Temple:   lightli_temple_of_artemis

Skill      XL: |  1  2  3  4  5  6  7  8  9 10 |
---------------+-------------------------------+-----
Short Blades   | 3 4 5 6 7 8 |  8.3
Armour         | 3 4 5 6 7 |  7.7
Shields        | 3 4 5 6 7 |  7.7
Fighting       | 4 5 6 7 |  7.4
Dodging        | 3 4 |  4.9
Invocations    | |  0.6

Action                   |  1- 3 |  4- 6 |  7- 9 | 10-12 || total
-------------------------+-------+-------+-------+-------++-------
Melee: Rapier            |    94 |   104 |   384 |   292 ||   874
       Dagger            |       |    70 |   169 |       ||   239
Throw: Throwing net      |       |       |       |     2 ||     2
Invok: Heroism           |       |       |       |     2 ||     2
Evoke: Wand              |       |       |       |     1 ||     1
  Use: Potion            |       |     5 |     6 |    13 ||    24
       Scroll            |       |       |    13 |     3 ||    16
 Stab: Invisible         |       |       |     3 |       ||     3
       Sleeping          |       |       |     1 |       ||     1
       Distracted        |       |       |       |     1 ||     1
       Held in net/web   |       |       |       |     1 ||     1
  Eat: Chunk             |    11 |     4 |    21 |    10 ||    46
Armor: Scale mail        |    30 |    38 |   135 |    57 ||   260
       Skin              |       |     3 |       |       ||     3
Dodge: Dodged            |    20 |    31 |   201 |   101 ||   353
Block: Shield            |    38 |    58 |   275 |   150 ||   521

Table legend:
 A = Non-vault XP
 B = Vault XP
 C = Vault XP percentage of total XP
 D = Non-vault monster count
 E = Vault monster count
 F = Vault count percentage of total count
                 A         B        C        D         E       F
            +---------+---------+-------+---------+---------+-------
      Total |    6056 |    1691 |  21.8 |     174 |      61 |  26.0
            +---------+---------+-------+---------+---------+-------
        D:1 |       6 |       0 |   0.0 |       5 |       0 |   0.0
        D:2 |      50 |       0 |   0.0 |      22 |       0 |   0.0
        D:3 |     180 |      15 |   7.7 |      30 |       2 |   6.2
        D:4 |     158 |     291 |  64.8 |       6 |      13 |  68.4
        D:5 |     726 |      21 |   2.8 |      22 |       9 |  29.0
        D:6 |     428 |     171 |  28.5 |      10 |       1 |   9.1
        D:7 |     255 |       0 |   0.0 |       5 |       0 |   0.0
        D:8 |    1496 |     505 |  25.2 |      33 |       3 |   8.3
        D:9 |    2546 |     635 |  20.0 |      37 |       9 |  19.6
       D:10 |     211 |       0 |   0.0 |       4 |       0 |   0.0
      Sewer |       0 |      53 | 100.0 |       0 |      24 | 100.0
            +---------+---------+-------+---------+---------+-------
